TOP OF THE 1ST |
Bemidji Benders batting - Pitching for Lee's Summit Tigers : LHP António Ruíz
|
Pitching: LHP António Ruíz
|
|
Batting: SHB José Velásquez
|
0-0: Ball 1-0: SOLO HOME RUN (Flyball, 7LD), Distance : 327 ft
|
Batting: SHB Conan Hanson
|
0-0: Called Strike 0-1: Ball 1-1: Foul Ball, location: 2F 1-2: Ball 2-2: Strikes out swinging
|
Batting: RHB Holden Davis
|
0-0: Ball 1-0: Ground out 6-3 (Groundball, 6)
|
Batting: LHB Caleb Hall
|
0-0: Called Strike 0-1: Swinging Strike 0-2: Foul Ball, location: 2F 0-2: Ball 1-2: Ball 2-2: Ball 3-2: Strikes out swinging
|
Top of the 1st over - 1 run(s), 1 hit(s), 0 error(s), 0 left on base; Bemidji 1 - Lee's Summit 0 |
BOTTOM OF THE 1ST |
Lee's Summit Tigers batting - Pitching for Bemidji Benders : RHP Sergio Hernández
|
Pitching: RHP Sergio Hernández
|
|
Batting: LHB Darren Holland
|
0-0: Ball 1-0: Ball 2-0: Ball 3-0: Called Strike 3-1: Foul Ball, location: 2F 3-2: Ground out 5-3 (Groundball, 56S)
|
Batting: RHB Kyle Baylor
|
0-0: Swinging Strike 0-1: Ball 1-1: Called Strike 1-2: Fly out, F8 (Flyball, 8LD)
|
Batting: RHB Rusty Bennett
|
0-0: Ball 1-0: SINGLE (Groundball, 4MD)
|
Batting: SHB Juan Glaviz
|
0-0: Called Strike 0-1: Foul Ball, location: 2F 0-2: Ball 1-2: SINGLE (Line Drive, 4MD) Rusty Bennett to second Rusty Bennett to third
|
Batting: LHB Milo Powers
|
0-0: Fielders Choice at 2nd, 4-6 (Groundball, 4)
|
Bottom of the 1st over - 0 run(s), 2 hit(s), 0 error(s), 1 left on base; Bemidji 1 - Lee's Summit 0 |
TOP OF THE 2ND |
Bemidji Benders batting - Pitching for Lee's Summit Tigers : LHP António Ruíz
|
Batting: RHB Roberto Solís
|
0-0: Foul Ball, location: 2F 0-1: Ball 1-1: SINGLE (Line Drive, 78M)
|
Batting: RHB Micheal Banks
|
0-0: Ball 1-0: 2-RUN HOME RUN (Flyball, 7D), Distance : 350 ft
|
Batting: RHB Roberto Villela
|
0-0: Called Strike 0-1: Ball 1-1: Ground out 1-3 (Groundball, 15)
|
Batting: RHB Gilbert Forbes
|
0-0: Ball 1-0: Ball 2-0: Called Strike 2-1: Ball 3-1: Base on Balls
|
Batting: RHB Leon Heath
|
0-0: Ball 1-0: Ball 2-0: Foul Ball, location: 2F 2-1: Ball 3-1: Called Strike 3-2: Foul Ball, location: 2F 3-2: Base on Balls Gilbert Forbes to second
|
Batting: SHB José Velásquez
|
0-0: Ball 1-0: Fielders Choice at 2nd, 4-6 (Groundball, 4) Gilbert Forbes to third
|
Batting: SHB Conan Hanson
|
0-0: Ball 1-0: Called Strike José Velásquez is caught stealing 2nd base
|
Top of the 2nd over - 2 run(s), 2 hit(s), 0 error(s), 0 left on base; Bemidji 3 - Lee's Summit 0 |
BOTTOM OF THE 2ND |
Lee's Summit Tigers batting - Pitching for Bemidji Benders : RHP Sergio Hernández
|
Batting: RHB Steven Wright
|
0-0: Ball 1-0: Ball 2-0: Foul Ball, location: 2F 2-1: Fly out, F9 (Flyball, 9LSF)
|
Batting: RHB Augusto Pérez
|
0-0: Swinging Strike 0-1: Ball 1-1: Foul Ball, location: 2F 1-2: Foul Ball, location: 2F 1-2: Strikes out looking
|
Batting: LHB Dale Miller
|
0-0: Ball 1-0: Foul Ball, location: 2F 1-1: Ground out 4-3 (Groundball, 4)
|
Bottom of the 2nd over - 0 run(s), 0 hit(s), 0 error(s), 0 left on base; Bemidji 3 - Lee's Summit 0 |
TOP OF THE 3RD |
Bemidji Benders batting - Pitching for Lee's Summit Tigers : LHP António Ruíz
|
Batting: SHB Conan Hanson
|
0-0: Foul Ball, location: 2F 0-1: Ball 1-1: Ground out 6-3 (Groundball, 6)
|
Batting: RHB Holden Davis
|
0-0: Called Strike 0-1: Foul Ball, location: 2F 0-2: Strikes out swinging
|
Batting: LHB Caleb Hall
|
0-0: Ball 1-0: Ball 2-0: Foul Ball, location: 2F 2-1: Fly out, F8 (Flyball, 8LS)
|
Top of the 3rd over - 0 run(s), 0 hit(s), 0 error(s), 0 left on base; Bemidji 3 - Lee's Summit 0 |
BOTTOM OF THE 3RD |
Lee's Summit Tigers batting - Pitching for Bemidji Benders : RHP Sergio Hernández
|
Batting: LHB Daniel Rincón
|
0-0: Ball 1-0: Swinging Strike 1-1: Ground out U3 (Groundball, 34S)
|
Batting: LHB Darren Holland
|
0-0: Called Strike 0-1: Foul Ball, location: 2F 0-2: Foul Ball, location: 2F 0-2: Foul Ball, location: 2F 0-2: Ball 1-2: Ball 2-2: Ball 3-2: Ground out U3 (Groundball, 34)
|
Batting: RHB Kyle Baylor
|
0-0: Ball 1-0: SINGLE (Line Drive, 4M)
|
Batting: RHB Rusty Bennett
|
0-0: Swinging Strike 0-1: Foul Ball, location: 2F 0-2: Ball Kyle Baylor is caught stealing 2nd base
|
Bottom of the 3rd over - 0 run(s), 1 hit(s), 0 error(s), 0 left on base; Bemidji 3 - Lee's Summit 0 |
TOP OF THE 4TH |
Bemidji Benders batting - Pitching for Lee's Summit Tigers : LHP António Ruíz
|
Batting: RHB Roberto Solís
|
0-0: Ball 1-0: Foul Ball, location: 2F 1-1: Ball 2-1: Ball 3-1: Base on Balls
|
Batting: RHB Micheal Banks
|
0-0: Foul Ball, location: 2F 0-1: Swinging Strike 0-2: Ball 1-2: Grounds into double play, 6-4-3 (Groundball, 6)
|
Batting: RHB Roberto Villela
|
0-0: Ball 1-0: Ball 2-0: Ball 3-0: Base on Balls
|
Batting: RHB Gilbert Forbes
|
0-0: Swinging Strike 0-1: Ball 1-1: Ball 2-1: Called Strike 2-2: Strikes out swinging
|
Top of the 4th over - 0 run(s), 0 hit(s), 0 error(s), 1 left on base; Bemidji 3 - Lee's Summit 0 |
BOTTOM OF THE 4TH |
Lee's Summit Tigers batting - Pitching for Bemidji Benders : RHP Sergio Hernández
|
Batting: RHB Rusty Bennett
|
0-0: Ball 1-0: Called Strike 1-1: Foul Ball, location: 2F 1-2: Ball 2-2: Fly out, F9 (Flyball, 89M)
|
Batting: SHB Juan Glaviz
|
0-0: Ball 1-0: Foul Ball, location: 2F 1-1: Swinging Strike 1-2: Ball 2-2: Strikes out looking
|
Batting: LHB Milo Powers
|
0-0: Ball 1-0: Ball 2-0: Called Strike 2-1: Swinging Strike 2-2: Ball 3-2: Ground out 4-3 (Groundball, 4)
|
Bottom of the 4th over - 0 run(s), 0 hit(s), 0 error(s), 0 left on base; Bemidji 3 - Lee's Summit 0 |
TOP OF THE 5TH |
Bemidji Benders batting - Pitching for Lee's Summit Tigers : LHP António Ruíz
|
Batting: RHB Leon Heath
|
0-0: Ball 1-0: Foul Ball, location: 2F 1-1: Ground out 1-3 (Groundball, 13)
|
Batting: SHB José Velásquez
|
0-0: Ball 1-0: Foul Ball, location: 2F 1-1: Ball 2-1: Swinging Strike 2-2: Foul Ball, location: 2F 2-2: Strikes out swinging
|
Batting: SHB Conan Hanson
|
0-0: Called Strike 0-1: Called Strike 0-2: Ball 1-2: Ball 2-2: Strikes out looking
|
Top of the 5th over - 0 run(s), 0 hit(s), 0 error(s), 0 left on base; Bemidji 3 - Lee's Summit 0 |
BOTTOM OF THE 5TH |
Lee's Summit Tigers batting - Pitching for Bemidji Benders : RHP Sergio Hernández
|
Batting: RHB Steven Wright
|
0-0: Ground out 5-3 (Groundball, 56)
|
Batting: RHB Augusto Pérez
|
0-0: Foul Ball, location: 2F 0-1: Ball 1-1: Ground out 5-3 (Groundball, 56)
|
Batting: LHB Dale Miller
|
0-0: Fly out, F7 (Flyball, 7S)
|
Bottom of the 5th over - 0 run(s), 0 hit(s), 0 error(s), 0 left on base; Bemidji 3 - Lee's Summit 0 |
TOP OF THE 6TH |
Bemidji Benders batting - Pitching for Lee's Summit Tigers : LHP António Ruíz
|
Batting: RHB Holden Davis
|
0-0: Ball 1-0: Ball 2-0: Called Strike 2-1: Ball 3-1: Base on Balls
|
Pitching: RHP Augusto Pérez
|
|
Batting: LHB Caleb Hall
|
0-0: Called Strike 0-1: Called Strike 0-2: Ball 1-2: Ball 2-2: Ball 3-2: Base on Balls Holden Davis to second
|
Batting: RHB Roberto Solís
|
0-0: Ball 1-0: Called Strike 1-1: Ball 2-1: Foul Ball, location: 2F 2-2: Strikes out looking
|
Batting: RHB Micheal Banks
|
0-0: Grounds into double play, 4-6-3 (Groundball, 4M)
|
Top of the 6th over - 0 run(s), 0 hit(s), 0 error(s), 1 left on base; Bemidji 3 - Lee's Summit 0 |
BOTTOM OF THE 6TH |
Lee's Summit Tigers batting - Pitching for Bemidji Benders : RHP Sergio Hernández
|
Batting: LHB Daniel Rincón
|
0-0: Called Strike 0-1: Called Strike 0-2: Ball 1-2: DOUBLE (Line Drive, 78M)
|
Pitching: RHP Rogerio Ibarra
|
|
Batting: LHB Darren Holland
|
0-0: Ball 1-0: Foul Ball, location: 2F 1-1: Ground out U3 (Groundball, 3L) Daniel Rincón to third
|
Batting: RHB Kyle Baylor
|
0-0: Called Strike 0-1: Foul Ball, location: 2F 0-2: Ball 1-2: Strikes out looking
|
Batting: RHB Rusty Bennett
|
0-0: Called Strike 0-1: Fly out, F9 (Flyball, 9S)
|
Bottom of the 6th over - 0 run(s), 1 hit(s), 0 error(s), 1 left on base; Bemidji 3 - Lee's Summit 0 |
TOP OF THE 7TH |
Bemidji Benders batting - Pitching for Lee's Summit Tigers : RHP Augusto Pérez
|
Batting: RHB Roberto Villela
|
0-0: Called Strike 0-1: Called Strike 0-2: Foul Ball, location: 2F 0-2: Foul Ball, location: 2F 0-2: Ground out 5-3 (Groundball, 5)
|
Batting: RHB Gilbert Forbes
|
0-0: Ball 1-0: Ball 2-0: Ground out 6-3 (Groundball, 6)
|
Batting: RHB Leon Heath
|
0-0: Called Strike 0-1: Ground out 5-3 (Groundball, 56)
|
Top of the 7th over - 0 run(s), 0 hit(s), 0 error(s), 0 left on base; Bemidji 3 - Lee's Summit 0 |
BOTTOM OF THE 7TH |
Lee's Summit Tigers batting - Pitching for Bemidji Benders : RHP Rogerio Ibarra
|
Batting: SHB Juan Glaviz
|
0-0: Ball 1-0: Called Strike 1-1: Ball 2-1: Called Strike 2-2: Fly out, F9 (Flyball, 9)
|
Batting: LHB Milo Powers
|
0-0: Called Strike 0-1: Foul Ball, location: 2F 0-2: Ball 1-2: Strikes out swinging
|
Batting: RHB Steven Wright
|
0-0: Ball 1-0: Foul Ball, location: 2F 1-1: SINGLE (Line Drive, 78M)
|
Batting: RHB Augusto Pérez
|
0-0: Hit by Pitch Steven Wright to second
|
Batting: LHB Dale Miller
|
0-0: Fly out, F7 (Flyball, 7LMF)
|
Bottom of the 7th over - 0 run(s), 1 hit(s), 0 error(s), 2 left on base; Bemidji 3 - Lee's Summit 0 |
TOP OF THE 8TH |
Bemidji Benders batting - Pitching for Lee's Summit Tigers : RHP Augusto Pérez
|
Batting: SHB José Velásquez
|
0-0: Swinging Strike 0-1: Ball 1-1: Foul Ball, location: 2F 1-2: Ball 2-2: Ball 3-2: Strikes out swinging
|
Batting: SHB Conan Hanson
|
0-0: Foul Ball, location: 2F 0-1: Ball 1-1: Ball 2-1: Foul Ball, location: 2F 2-2: Foul Ball, location: 2F 2-2: Ball 3-2: Strikes out swinging
|
Pitching: RHP Carlos Gabriel
|
|
Batting: RHB Holden Davis
|
0-0: Fly out, F7 (Flyball, 78S)
|
Top of the 8th over - 0 run(s), 0 hit(s), 0 error(s), 0 left on base; Bemidji 3 - Lee's Summit 0 |
BOTTOM OF THE 8TH |
Lee's Summit Tigers batting - Pitching for Bemidji Benders : RHP Rogerio Ibarra
|
Batting: LHB Daniel Rincón
|
0-0: Foul Ball, location: 2F 0-1: Ground out 1-3 (Groundball, P)
|
Batting: LHB Darren Holland
|
0-0: Swinging Strike 0-1: Ball 1-1: Called Strike 1-2: Foul Ball, location: 2F 1-2: Foul Ball, location: 2F 1-2: Ground out 4-3 (Groundball, 4S)
|
Batting: RHB Kyle Baylor
|
0-0: Foul Ball, location: 2F 0-1: Ball 1-1: Ground out 6-3 (Groundball, 6)
|
Bottom of the 8th over - 0 run(s), 0 hit(s), 0 error(s), 0 left on base; Bemidji 3 - Lee's Summit 0 |
TOP OF THE 9TH |
Bemidji Benders batting - Pitching for Lee's Summit Tigers : RHP Carlos Gabriel
|
Batting: LHB Caleb Hall
|
0-0: Ball 1-0: Called Strike 1-1: Swinging Strike 1-2: Strikes out swinging
|
Batting: RHB Roberto Solís
|
0-0: Swinging Strike 0-1: Ball 1-1: DOUBLE (Flyball, 7D)
|
Batting: RHB Micheal Banks
|
0-0: Ball 1-0: Ball 2-0: Called Strike 2-1: Ball 3-1: Base on Balls
|
Batting: RHB Roberto Villela
|
0-0: Ball 1-0: Ball 2-0: Called Strike 2-1: Swinging Strike 2-2: Ball 3-2: Strikes out looking
|
Batting: RHB Gilbert Forbes
|
0-0: Ball 1-0: Swinging Strike 1-1: Foul Ball, location: 2F 1-2: Ball 2-2: Foul Ball, location: 2F 2-2: Ground out 5-3 (Groundball, 56S)
|
Top of the 9th over - 0 run(s), 1 hit(s), 0 error(s), 2 left on base; Bemidji 3 - Lee's Summit 0 |
BOTTOM OF THE 9TH |
Lee's Summit Tigers batting - Pitching for Bemidji Benders : RHP Rogerio Ibarra
|
Pitching: RHP Paul Turberville
|
|
Now at 1B: Pat Carroll
|
|
Batting: RHB Rusty Bennett
|
0-0: Ball 1-0: Ball 2-0: Called Strike 2-1: Ground out U3 (Groundball, 3)
|
Batting: SHB Juan Glaviz
|
0-0: Ground out 4-3 (Groundball, 4)
|
Batting: LHB Milo Powers
|
0-0: Fly out, F8 (Flyball, 78S)
|
Bottom of the 9th over - 0 run(s), 0 hit(s), 0 error(s), 0 left on base; Bemidji 3 - Lee's Summit 0 |
|